 Dungeon Crawl Stone Soup version 0.21.1-1-g345015f (webtiles) character file.

89 shakethe the Firebug (level 4, 0/24 HPs)
             Began as a Deep Elf Fire Elementalist on Feb 6, 2018.
             Slain by an orc
             ... wielding a +0 hand axe of chopping
              (2 damage)
             ... on level 3 of the Dungeon.
             The game lasted 00:06:04 (2117 turns).

shakethe the Firebug (Deep Elf Fire Elementalist)   Turns: 2117, Time: 00:06:05

Health: 0/24       AC:  2    Str:  5    XL:     4   Next: 31%
Magic:  11/11      EV: 13    Int: 21    God:
Gold:   103        SH:  0    Dex: 15    Spells: 6/10 levels left

rFire    . . .     SeeInvis .   i - +0 dagger (venom)
rCold    . . .     Gourm    .   (no shield)
rNeg     . . .     Faith    .   a - +0 robe
rPois    .         Spirit   .   (no helmet)
rElec    .         Reflect  .   (no cloak)
rCorr    .         Harm     .   (no gloves)
MR       .....                  (no boots)
Stlth    ++........             (no amulet)
HPRegen  0.08/turn              (no ring)
MPRegen  0.12/turn              (no ring)

@: no status effects
A: no striking features
a: no special abilities


You were on level 3 of the Dungeon.
You were not hungry.

You visited 1 branch of the dungeon, and saw 3 of its levels.

You collected 103 gold pieces.

Inventory:

Hand Weapons
 d - a +0 short sword
 e - a +0 dagger
 i - a +0 dagger of venom (weapon)
Armour
 a - a +0 robe (worn)
Wands
 o - a wand of flame (34)
Scrolls
 k - a scroll of identify {unknown}
 l - a scroll of remove curse {unknown}
 m - 3 scrolls of amnesia {unknown}
 n - a scroll of magic mapping {unknown}
 p - a scroll of blinking {unknown}
Potions
 g - a potion of magic {unknown}
 h - 4 potions of curing {unknown}
 j - a potion of resistance {unknown}
 q - a potion of might {unknown}
Books
 b - a book of Flames

   Spells                             Type                      Level
   a - Flame Tongue                   Conjuration/Fire             1
   b - Throw Flame                    Conjuration/Fire             2
   c - Conjure Flame                  Conjuration/Fire             3
   d - Inner Flame                    Hexes/Fire                   3
   e - Sticky Flame                   Conjuration/Fire             4
   f - Fireball                       Conjuration/Fire             5
Comestibles
 c - 5 rations
 f - a chunk of flesh


   Skills:
 - Level 2.4 Dodging
 - Level 2.4 Stealth
 + Level 3.9 Spellcasting
 + Level 2.4 Conjurations
 * Level 4.7 Fire Magic


You had 6 spell levels left.
You knew the following spells:

 Your Spells              Type           Power        Failure   Level  Hunger
a - Flame Tongue          Conj/Fire      ###..        2%          1    None
b - Conjure Flame         Conj/Fire      ###.....     9%          3    ###....


Dungeon Overview and Level Annotations

Branches:
Dungeon (3/15)

Altars:
Nemelex Xobeh


Message History

Press: ? - help, Shift-Dir - straight line, f/p - adder
Aim: an adder The flame tongue hits the adder.
You kill the adder!
There is a stone staircase leading down here.
There is a stone staircase leading down here.
You start resting.
Eating one of 2 chunks of flesh.
You eat one of the 2 chunks of flesh.
This raw flesh tastes terrible.
Your magical contamination has completely faded away.
There is a stone staircase leading down here.
You climb downwards.
The orc hits you. The hobgoblin completely misses you.
The orc hits you with a hand axe of chopping!
The orc hits you.
* * * LOW HITPOINT WARNING * * *
The hobgoblin misses you.
There is a stone staircase leading up, spattered with blood here.
Magic restored.
The orc misses you.
The orc hits you with a hand axe of chopping.
* * * LOW HITPOINT WARNING * * *
You die...

#..........
#..........
#..........
#..[.......
#....o.....
#...o......
#.g.l......
#..@o......
#...o......
#............
#+##.........
....#.####
.....#.#
...... #
.......


You could see 4 orcs, a hobgoblin and a frilled lizard.

Vanquished Creatures
  2 adders (D:2)
  2 worms (D:2)
  3 dart slugs
  A leopard gecko (D:2)
  A ball python (D:1)
  11 bats
  2 giant cockroaches (D:1)
  5 goblins
  3 hobgoblins
  3 jackals (D:2)
  5 frilled lizards
  11 kobolds
  11 rats
60 creatures vanquished.

Notes
Turn   | Place    | Note
-------+----------+-------------------------------------------
     0 | D:1      | shakethe the Deep Elf Fire Elementalist began the quest for the Orb.
     0 | D:1      | Reached XP level 1. HP: 10/10 MP: 6/6
    76 | D:1      | Reached XP level 2. HP: 15/15 MP: 6/8
   318 | D:1      | Reached skill level 4 in Fire Magic
   342 | D:1      | Reached XP level 3. HP: 19/19 MP: 7/10
  1609 | D:2      | Found a sparkling altar of Nemelex Xobeh.
  1700 | D:2      | Reached XP level 4. HP: 24/24 MP: 8/11
  1712 | D:2      | Learned a level 3 spell: Conjure Flame
  2117 | D:3      | Slain by an orc

Skill      XL: |  1  2  3 |
---------------+----------+-----
Fire Magic     | 4 |  4.7
Conjurations   | 2 |  2.4
Dodging        | |  2.4
Stealth        | |  2.4
Spellcasting   | |  3.9

Action                   |  1- 3 |  4- 6 || total
-------------------------+-------+-------++-------
Melee: Short sword       |     7 |       ||     7
       Dagger            |    37 |       ||    37
 Cast: Flame Tongue      |    71 |     8 ||    79
 Stab: Sleeping          |     1 |       ||     1
  Eat: Chunk             |     2 |     2 ||     4
Armor: Robe              |     9 |       ||     9
Dodge: Dodged            |    44 |     6 ||    50
